 Dungeon Crawl Stone Soup version 0.28.0-45-g0d030f2227 (webtiles) character file.

Game seed: 686616070671996035

174 NinjaNoafa the Skirmisher (level 5, 0/48 HPs)
             Began as a Hill Orc Fighter on Apr 13, 2022.
             Was an Initiate of Beogh.
             Slain by Crazy Yiuf
             ... wielding a +3 quarterstaff of chaos
              (3 damage)
             ... while petrified by Crazy Yiuf
             ... on level 3 of the Dungeon.
             The game lasted 00:04:38 (2538 turns).

NinjaNoafa the Skirmisher (Hill Orc Fighter)        Turns: 2538, Time: 00:04:38

Health: 0/48       AC:  7    Str: 21    XL:     5   Next: 54%
Magic:  0/5        EV:  2    Int:  8    God:    Beogh [......]
Gold:   197        SH:  0    Dex: 10    Spells: 4/4 levels left

rFire   . . .      SeeInvis +   a - +0 war axe
rCold   . . .      Faith    .   c - +0 buckler
rNeg    + + +      Spirit   .   b - +0 scale mail
rPois   ∞          Reflect  .   (no helmet)
rElec   .          Harm     .   (no cloak)
rCorr   .          Rampage  .   (no gloves)
Will    .....                   (no boots)
Stlth   ..........              (no amulet)
HPRegen 0.16/turn               m - ring of see invisible
MPRegen 0.09/turn               (no ring)

@: mighty, petrified
A: no striking features
a: Renounce Religion


You were on level 3 of the Dungeon.
You worshipped Beogh.
Beogh was noncommittal.
You visited 1 branch of the dungeon, and saw 3 of its levels.

You collected 197 gold pieces.

Inventory:

Hand Weapons
 a - a +0 war axe (weapon)
 d - a +0 halberd
 f - a +0 long sword
Missiles
 e - 7 poisoned darts (quivered)
 i - 83 stones
Armour
 b - a +0 scale mail (worn)
 c - a +0 buckler (worn)
Jewellery
 m - a ring of see invisible (left hand)
Scrolls
 g - 3 scrolls of identify {unknown}
 j - 2 scrolls of blinking {unknown}
 l - a scroll of amnesia {unknown}
 n - a scroll of vulnerability {unknown}
 r - a scroll of immolation {unknown}
 s - a scroll of magic mapping {unknown}
 t - a scroll of enchant armour {unknown}
Potions
 h - a potion of magic {unknown}
 k - a potion of berserk rage {unknown}
 o - a potion of cancellation {unknown}
 p - 3 potions of curing {unknown}


   Skills:
 + Level 5.1 Fighting
 - Level 2.6 Axes
 + Level 4.6 Armour
 + Level 4.7 Shields


You had 4 spell levels left.
You didn't know any spells.
Your spell library was empty.

Dungeon Overview and Level Annotations

Branches:
Dungeon (3/15)

Altars:
Kikubaaqudgha

Shops:
D:3 :

Annotations:
D:3 Crazy Yiuf


Message History

You are poisoned.
You closely miss Crazy Yiuf.
You feel very sick. Crazy Yiuf barely misses you.
You closely miss Crazy Yiuf.
You feel sick. You block Crazy Yiuf's attack.
Crazy Yiuf screams, "Earwax snail sallow!"
Crazy Yiuf barely misses you.
You slash Crazy Yiuf!
Crazy Yiuf is moderately wounded.
You feel sick.
Crazy Yiuf hits you with a +3 quarterstaff of chaos.
You suddenly lose the ability to move!
You feel sick.
Crazy Yiuf hits you with a +3 quarterstaff of chaos!
You are slowing down.
You are no longer poisoned.
Crazy Yiuf hits you with a +3 quarterstaff of chaos.
You feel your power leaking away.
You can move again.
Your limbs are stiffening.
Okay, then.
You slash Crazy Yiuf!
Crazy Yiuf is almost dead.
Crazy Yiuf completely misses you.
Crazy Yiuf hits you with a +3 quarterstaff of chaos!
You are electrocuted!
You have turned to stone.
Crazy Yiuf hits you with a +3 quarterstaff of chaos.
* * * LOW HITPOINT WARNING * * *
Crazy Yiuf freezes you.
Crazy Yiuf hits you with a +3 quarterstaff of chaos!
* * * LOW HITPOINT WARNING * * *
You feel your power leaking away.
Crazy Yiuf hits you with a +3 quarterstaff of chaos!
* * * LOW HITPOINT WARNING * * *
Crazy Yiuf freezes you.
Crazy Yiuf hits you with a +3 quarterstaff of chaos!
* * * LOW HITPOINT WARNING * * *
Crazy Yiuf laughs, "Aardvark leg disdain!"
Crazy Yiuf hits you with a +3 quarterstaff of chaos.
You die...

#....####...........
#....# #....####...
♣....♣ #....# ##..
♣...♣♣ ###### #..
♣♣.♣♣ #.. ♣.♣♣
####.. ♣♣.♣
#######..... ♣.♣♣
#........... ♣♣@♣
#.....)...#. #g#
#.........#. ...
#.#.#######. #...#
#...# #. #..)# #.###
#. ##### #.# ##. #.#
##.. ### #... #.##


You could see Crazy Yiuf.

Vanquished Creatures
  Terence (D:2)
  An iguana (D:3)
  3 gnolls (D:2)
  3 adders
  5 orcs (D:3)
  7 endoplasms
  A giant cockroach (D:2)
  6 goblins
  3 hobgoblins
  2 jackals (D:3)
  5 kobolds
  4 quokkas
  2 ball pythons
  7 bats
  10 frilled lizards (D:1)
  7 rats
67 creatures vanquished.

Vanquished Creatures (others)
  A dart slug (D:3)
1 creature vanquished.

Grand Total: 68 creatures vanquished

Notes
Turn   | Place    | Note
-------+----------+-------------------------------------------
     0 | D:1      | NinjaNoafa the Hill Orc Fighter began the quest for the
                  | Orb.
     0 | D:1      | Reached XP level 1. HP: 19/19 MP: 1/1
    86 | D:1      | Reached XP level 2. HP: 23/27 MP: 2/2
   187 | D:1      | Reached skill level 4 in Fighting
   451 | D:1      | Reached XP level 3. HP: 31/33 MP: 3/3
   779 | D:2      | Noticed Terence
   789 | D:2      | Killed Terence
   923 | D:2      | Found a faded altar of an unknown god.
   989 | D:2      | Reached XP level 4. HP: 41/41 MP: 4/4
  1553 | D:2      | Found an ancient bone altar of Kikubaaqudgha.
  1699 | D:2      | Reached XP level 5. HP: 29/47 MP: 5/5
  1892 | D:3      | Became a worshipper of Beogh the Brigand
  1918 | D:3      | Reached skill level 5 in Fighting
  1989 | D:3      | Found a runed translucent door.
  1990 | D:3      | Noticed Crazy Yiuf
  2143 | D:3      | Found Mixeacs's Book Emporium.
  2530 | D:3      | Paralysed by Crazy Yiuf for 3 turns
  2538 | D:3      | Slain by Crazy Yiuf

Illustrated notes

Levels and vault maps discovered:
D:1:      lemuel_arrival_hallway, layout_basic, serial_rivers,
          chequers_serial_rivers_large_a, chequers_serial_rivers_micro_b,
          chequers_serial_rivers_small_b, chequers_serial_rivers_micro_b,
          chequers_serial_rivers_marsh, minmay_lizard_pond
D:2:      layout_basic, dreamdust_ecumenical_altar_grove, basic_altar,
          minmay_bisected, uniq_terence
D:3:      layout_rooms, serial_shops, shop_coins, uniq_crazy_yiuf_cottage

Skill      XL: |  1  2  3  4  5 |
---------------+----------------+-----
Fighting       | 4 5 |  5.1
Shields        | 4 |  4.7
Armour         | 4 |  4.6
Axes           | |  2.6

Action                   |  1- 3 |  4- 6 || total
-------------------------+-------+-------++-------
Melee: War axe           |    58 |    95 ||   153
Throw: Dart              |     6 |       ||     6
Invok: Convert to Beogh  |       |     1 ||     1
  Use: Potion            |       |     2 ||     2
Armor: Scale mail        |    26 |    47 ||    73
Dodge: Dodged            |    34 |    66 ||   100
Block: Buckler           |    13 |    27 ||    40
